 Dungeon Crawl Stone Soup version 0.29.1-15-g9cfb28693d (webtiles) character file.

Game seed: 223378117560513964

19600 nshep25 the Eclecticist (level 12, -21/64 HPs)
             Began as a Deep Elf Conjurer on Mar 7, 2023.
             Was a Priest of Vehumet.
             Hit by a large rock thrown by a cyclops (27 damage)
             ... on level 14 of the Dungeon.
             The game lasted 00:49:35 (16377 turns).

nshep25 the Eclecticist (Deep Elf Conjurer)        Turns: 16377, Time: 00:49:35

Health: -21/64     AC: 10    Str: 15    XL:     12   Next: 38%
Magic:  13/33      EV: 16    Int: 30    God:    Vehumet [***...]
Gold:   612        SH:  0    Dex: 19    Spells: 19/41 levels left

rFire   . . .      SeeInvis .   F - staff of conjuration
rCold   + . .      Faith    .   (no shield)
rNeg    . . .      Spirit   .   y - +2 robe {rC+}
rPois   +          Reflect  .   e - +0 helmet
rElec   .          Harm     .   E - +0 cloak
rCorr   .          Rampage  .   (no gloves)
Will    +....                   (no boots)
Stlth   ++++......              M - amulet of magic regeneration
HPRegen 0.20/turn               C - ring "Bekhir" {rPois AC+4 Stlth+}
MPRegen 0.63/turn               P - ring of Rationality {Str+9 Int+3 Dex+6}

@: no status effects
A: no striking features
a: Renounce Religion


You were on level 14 of the Dungeon.
You worshipped Vehumet.
Vehumet was most pleased with you.
You visited 2 branches of the dungeon, and saw 15 of its levels.

You collected 1742 gold pieces.
You spent 1130 gold pieces at shops.

Inventory:

Hand Weapons
 D - the +5 quarterstaff "Ykkyegaw" {vorpal, rElec rF++ Str-4 Dex-2}
   (You found it on level 6 of the Dungeon)

   It inflicts extra damage upon your enemies.
   Str:       It affects your strength (-4).
   Dex:       It affects your dexterity (-2).
   rF:        It greatly protects you from fire.
   rElec:     It insulates you from electricity.
Armour
 a - a +0 robe
 e - a +0 helmet (worn)
 r - a +0 robe
 s - a +0 robe
 y - a +2 robe of cold resistance (worn)
 E - a +0 cloak (worn)
Magical Staves
 F - a staff of conjuration (weapon)
Jewellery
 n - a ring of resist corrosion
 p - an amulet of reflection
 x - an amulet of regeneration
 z - a +6 ring of strength
 C - the ring "Bekhir" (left hand) {rPois AC+4 Stlth+}
   (You bought it in a shop on level 7 of the Dungeon)

   [ring of protection]

   AC:        It affects your AC (+4).
   rPois:     It protects you from poison.
   Stlth:     It makes you more stealthy.
 G - a ring of wizardry
 J - a +6 ring of dexterity
 M - an amulet of magic regeneration (around neck)
 O - a ring of protection from cold
 P - the ring of Rationality (right hand) {Str+9 Int+3 Dex+6}
   (You found it on level 12 of the Dungeon)

   [ring of dexterity]

   Str:       It affects your strength (+9).
   Int:       It affects your intelligence (+3).
   Dex:       It affects your dexterity (+6).
 R - a ring of fire
 S - a ring of ice
Wands
 v - a wand of charming (27)
 A - a wand of roots (5)
 L - a wand of flame (20)
 Q - a wand of polymorph (8)
Scrolls
 c - 10 scrolls of identify
 g - 5 scrolls of teleportation
 h - 3 scrolls of amnesia
 j - 4 scrolls of immolation
 l - a scroll of noise
 m - a scroll of poison
 o - 4 scrolls of fear
 t - 2 scrolls of magic mapping
 B - a scroll of butterflies
 K - a scroll of silence
Potions
 b - 3 potions of magic
 d - 13 potions of curing
 f - 4 potions of heal wounds
 i - 3 potions of lignification
 k - 4 potions of might
 q - 2 potions of attraction
 u - 4 potions of invisibility
 w - 3 potions of brilliance
 I - 2 potions of cancellation
 N - 2 potions of flight {unknown}
Miscellaneous
 H - a box of beasts


   Skills:
 + Level 2.4 Fighting
 + Level 2.5 Staves
 + Level 7.1 Dodging
 + Level 5.0 Stealth
 + Level 0.2 Unarmed Combat
 + Level 15.2 Spellcasting
 + Level 13.8 Conjurations
 + Level 3.0 Hexes
 + Level 3.4 Translocations
 + Level 5.6 Air Magic
 + Level 6.5 Evocations


You had 19 spell levels left.
You knew the following spells:

 Your Spells              Type           Power      Damage    Failure   Level
a - Magic Dart            Conj           100%       1d8       0%          1
b - Searing Ray           Conj           100%       2d8       0%          2
c - Iskenderun's Mystic   Conj/Tloc      84%        2d17      1%          4
d - Fulminant Prism       Conj/Hex       42%        3d20      1%          4
e - Mephitic Cloud        Conj/Pois/Air  75%        N/A       1%          3
f - Lightning Bolt        Conj/Air       44%        1d64      1%          5
g - Stone Arrow           Conj/Erth      100%       3d13      1%          3

Your spell library contained the following spells:

 Spells                   Type           Power      Damage    Failure   Level
 Necrotise                Necr           88%        1d8       1%          1
 Shock                    Conj/Air       100%       1d9       1%          1
 Blink                    Tloc           86%        N/A       1%          2
 Scorch                   Fire           44%        2d7       1%          2
 Static Discharge         Conj/Air       89%        3-15/arc  1%          2
 Dazzling Flash           Conj/Hex       100%       N/A       1%          3
 Frozen Ramparts          Ice            44%        1d7       1%          3
 Flame Wave               Conj/Fire      77%        2d17      1%          4
 Vampiric Draining        Necr           22%        2d7       6%          3
 Summon Lightning Spire   Summ/Air       39%        N/A       6%          4
 Silence                  Hex/Air        24%        N/A       10%         5
 Leda's Liquefaction      Hex/Erth       15%        N/A       11%         4
 Manifold Assault         Tloc           43%        N/A       14%         5
 Lee's Rapid Deconstruct  Erth           11%        3d9*      16%         5
 Ice Form                 Ice/Tmut       22%        N/A       21%         4
 Summon Ice Beast         Ice/Summ       22%        N/A       21%         4
 Agony                    Necr           22%        N/A       50%         5
 Maxwell's Capacitive Co  Air            27%        ∞         95%         8
 Statue Form              Tmut/Erth      14%        N/A       97%         6
 Summon Cactus Giant      Summ           11%        N/A       97%         6
 Storm Form               Tmut/Air       19%        N/A       99%         7


Dungeon Overview and Level Annotations

Branches:
Dungeon (14/15)            Temple (1/1) D:5            Lair (0/5) D:9
    Orc (0/2) D:12
 Vaults: D:13-14

Altars:
Ashenzari
Elyvilon
Gozag
Nemelex Xobeh
Qazlal
Sif Muna
Trog
Uskayaw
Vehumet
Wu Jian
Xom
Yredelemnul
Zin
The Shining One
Lugonu

Shops:
D:1 (   D:7 =   D:8 *

Portals:
Trove: D:13 (give +6 demon whip)


Message History

You feel a surge of power!
You hear a mighty clap of thunder!
The bolt of lightning hits the tengu warrior!
The tengu warrior is moderately wounded.
You hear a horrible gurgling sound! x3; You hear a shout!
You hear a horrible gurgling sound! x2; You hear a shout! x3
The tengu warrior shoots a bolt.
The bolt hits you!!
The cyclops throws a large rock.
The large rock hits you.
Your fulminant prism crackles loudly.
Your fulminant prism explodes!
The blast of energy engulfs the cyclops!!
The cyclops is severely wounded.
The blast of energy engulfs the tengu warrior!!!
The tengu warrior is severely wounded.
Casting: Lightning Bolt (dangerous; 1% risk of failure)
Confirm with . or Enter, or press ? or * to list all spells.
Aiming: Lightning Bolt (dangerous; 1% risk of failure)
Press: ? - help, Shift-Dir - straight line, f/p - tengu warrior
Aim: a tengu warrior, wielding a +0 arbalest and wearing a +0 ring mail (severely wounded, ally target, 45% to hit)
You feel a surge of power!
You hear a mighty clap of thunder!
The bolt of lightning misses the tengu warrior.
You hear a horrible gurgling sound! x2; You hear a shout!
A purple ugly thing comes into view.
Your fulminant prism explodes!
The blast of energy engulfs the tengu warrior!
The tengu warrior is almost dead.
Casting: Lightning Bolt (dangerous; 1% risk of failure)
Confirm with . or Enter, or press ? or * to list all spells.
Aiming: Lightning Bolt (dangerous; 1% risk of failure)
Press: ? - help, Shift-Dir - straight line, f/p - tengu warrior
Aim: a tengu warrior, wielding a +0 arbalest and wearing a +0 ring mail (almost dead, 45% to hit)
You feel a surge of power!
You hear a mighty clap of thunder!
The bolt of lightning misses the tengu warrior.
You hear a shout! x2
The tengu warrior shoots a bolt.
The bolt hits you!
* * * LOW HITPOINT WARNING * * *
The cyclops throws a large rock.
The large rock hits you!!
You die...

....>..........
...............
......>........
...)...........
.............C.
......$........
...........)Q..
.~~....@.......
~~........?....
~......♣♣...^.#
u..###. .###..
.# #. # . ##


You could see a purple ugly thing, a tengu warrior and a cyclops.

Vanquished Creatures
  2 boulder beetles
  Erolcha (D:11)
  A hydra (D:12)
  A centaur warrior (D:13)
  2 two-headed ogres (D:10)
  Erica (D:11)
  Pikel (D:7)
  An ugly thing (D:12)
  A cyclops (D:11)
  A deep elf pyromancer (D:12)
  A gargoyle (D:12)
  2 unseen horrors
  2 komodo dragons
  Psyche (D:8)
  3 trolls
  A hornet (D:9)
  A slime creature (shapeshifter) (D:13)
  2 dream sheep (D:12)
  3 slime creatures (D:11)
  A shadow (D:7)
  A wyvern (D:6)
  A centaur simulacrum (D:11)
  A wraith (D:11)
  26 yaks
  2 vampires
  A basilisk (D:11)
  4 steam dragons
  3 vampire mosquitoes (D:12)
  2 acid dragons
  A water moccasin (D:5)
  4 orc warriors
  2 ice beasts
  A black bear (D:5)
  A sky beast (D:6)
  2 ogres
  7 centaurs
  A lemure (D:7)
  A phantom (D:6)
  Blork the orc (D:5)
  4 kobold brigands
  2 bullfrogs
  2 necrophages
  A scorpion (D:7)
  7 howler monkeys
  2 electric eels (D:8)
  4 hounds
  2 gnoll boudas (D:8)
  5 orc priests
  A jelly (D:5)
  4 iguanas
  13 orc wizards
  10 gnolls
  6 adders
  A shadow imp (D:5)
  A white imp (D:6)
  An ufetubus (D:5)
  A worm (D:3)
  2 dart slugs
  33 orcs
  6 bats (D:1)
  9 endoplasms
  2 giant cockroaches
  4 goblins
  3 hobgoblins
  7 jackals
  9 kobolds
  4 quokkas
  6 ball pythons
  5 frilled lizards
  6 rats
254 creatures vanquished.

Vanquished Creatures (others)
  34 fulminant prisms
  10 plants
44 creatures vanquished.

Grand Total: 298 creatures vanquished

Notes
Turn   | Place    | Note
-------+----------+-------------------------------------------
     0 | D:1      | nshep25 the Deep Elf Conjurer began the quest for the Orb.
     0 | D:1      | Reached XP level 1. HP: 10/10 MP: 6/6
   377 | D:1      | Found a faded altar of an unknown god.
   381 | D:1      | Reached XP level 2. HP: 15/15 MP: 4/8
   798 | D:1      | Reached skill level 5 in Conjurations
  1060 | D:1      | Found Ebruol's Weapon Shoppe.
  1412 | D:1      | Learned a level 2 spell: Searing Ray
  1505 | D:2      | Reached XP level 3. HP: 19/19 MP: 7/9
  2793 | D:3      | Reached XP level 4. HP: 9/24 MP: 2/11
  3121 | D:3      | Identified the +0 ring mail of the Thistle {rElec Dex+5}
  3216 | D:3      | Reached skill level 4 in Spellcasting
  3218 | D:3      | Reached XP level 5. HP: 28/28 MP: 6/13
  3970 | D:4      | Reached skill level 5 in Spellcasting
  4030 | D:4      | Reached XP level 6. HP: 32/32 MP: 3/15
  4659 | D:4      | Found a hide-covered altar of Uskayaw.
  4762 | D:5      | Entered Level 5 of the Dungeon
  4769 | D:5      | Reached skill level 6 in Spellcasting
  4899 | D:5      | Noticed Blork the orc
  4900 | D:5      | Reached skill level 1 in Fighting
  4900 | D:5      | Reached XP level 7. HP: 23/38 MP: 14/19
  4905 | D:5      | Killed Blork the orc
  4906 | D:5      | Reached skill level 7 in Spellcasting
  5087 | D:5      | Found a staircase to the Ecumenical Temple.
  5107 | D:5      | Learned a level 4 spell: Iskenderun's Mystic Blast
  5112 | D:5      | Learned a level 4 spell: Fulminant Prism
  5121 | Temple   | Entered the Ecumenical Temple
  5181 | Temple   | Became a worshipper of Vehumet
  5641 | D:5      | Found a glowing golden altar of the Shining One.
  6124 | D:6      | Reached skill level 8 in Spellcasting
  6124 | D:6      | Reached XP level 8. HP: 38/43 MP: 15/22
  6256 | D:6      | Found a glowing silver altar of Zin.
  6257 | D:6      | Found Zin's Purification Station.
  6359 | D:6      | Bought a potion of curing for 90 gold pieces
  6556 | D:6      | Reached skill level 9 in Spellcasting
  6794 | D:6      | Reached * piety under Vehumet
  6794 | D:6      | Offered knowledge of Shock by Vehumet.
  6797 | D:6      | Identified the +5 quarterstaff "Ykkyegaw" {vorpal, rElec
                  | rF++ Str-4 Dex-2}
  6808 | D:6      | Learned a level 1 spell: Shock
  6814 | D:6      | Learned a level 5 spell: Lightning Bolt
  7069 | D:6      | Found an opulent altar of Gozag.
  7162 | D:6      | Reached skill level 1 in Staves
  7470 | D:6      | Found a basalt altar of Yredelemnul.
  7798 | D:7      | Reached XP level 9. HP: 32/47 MP: 13/24
  7860 | D:7      | Noticed Pikel
  7941 | D:7      | Reached skill level 5 in Dodging
  7945 | D:7      | Killed Pikel
  7946 | D:7      | Reached skill level 10 in Spellcasting
  8195 | D:7      | Reached skill level 10 in Conjurations
  8303 | D:7      | Found Meraavue's Jewellery Emporium.
  8439 | D:7      | Found a bloodstained altar of Trog.
  8450 | D:7      | Reached skill level 11 in Spellcasting
  8762 | D:8      | Reached skill level 1 in Air Magic
  8833 | D:8      | Noticed Psyche
  8909 | D:8      | Killed Psyche
  9314 | D:8      | Found Deacuorch's General Store.
  9468 | D:8      | Found a large runed translucent door.
  9469 | D:8      | Found a large runed translucent door.
 10120 | D:8      | Found a broken altar of Ashenzari.
 10125 | D:8      | Found an ornate altar of the Wu Jian Council.
 10126 | D:8      | Identified 2 scrolls of acquirement
 10126 | D:8      | Acquired a staff of conjuration
 10129 | D:8      | Acquired 941 gold pieces
 10199 | D:7      | Bought the ring "Bekhir" {rPois AC+4 Stlth+} for 650 gold
                  | pieces
 10199 | D:7      | Bought a ring of wizardry for 390 gold pieces
 10294 | D:9      | Reached XP level 10. HP: 45/53 MP: 4/27
 10414 | D:9      | Reached skill level 1 in Evocations
 10524 | D:9      | Found a sparkling altar of Nemelex Xobeh.
 10547 | D:9      | Offered knowledge of Poisonous Vapours by Vehumet.
 10548 | D:9      | Reached skill level 12 in Spellcasting
 10719 | D:9      | Found a staircase to the Lair.
 10749 | D:9      | Reached skill level 1 in Translocations
 10860 | D:9      | Reached ** piety under Vehumet
 11046 | D:9      | HP: 2/53 [steam dragon (2)]
 11048 | D:9      | Reached skill level 1 in Hexes
 11609 | D:10     | Entered Level 10 of the Dungeon
 11746 | D:10     | Noticed a two-headed ogre
 11749 | D:10     | Killed a two-headed ogre
 11750 | D:10     | Reached skill level 13 in Spellcasting
 11750 | D:10     | Reached XP level 11. HP: 57/57 MP: 11/30
 11946 | D:10     | Noticed a two-headed ogre
 11956 | D:10     | Killed a two-headed ogre
 12399 | D:10     | Found a white marble altar of Elyvilon.
 12559 | D:10     | Found a shimmering altar of Xom.
 13120 | D:11     | Noticed Erica
 13301 | D:11     | Killed Erica
 13302 | D:11     | Reached skill level 5 in Evocations
 13314 | D:11     | Offered knowledge of Mephitic Cloud by Vehumet.
 13439 | D:10     | Learned a level 3 spell: Mephitic Cloud
 13447 | D:11     | Reached skill level 14 in Spellcasting
 13622 | D:11     | Noticed Erolcha
 13627 | D:11     | Killed Erolcha
 14356 | D:12     | Found a staircase to the Orcish Mines.
 14376 | D:12     | Reached *** piety under Vehumet
 14411 | D:12     | Noticed a deep elf pyromancer
 14473 | D:12     | Killed a deep elf pyromancer
 14496 | D:12     | Noticed a brown ugly thing
 14515 | D:12     | Killed a brown ugly thing
 14516 | D:12     | Reached XP level 12. HP: 64/64 MP: 18/32
 14630 | D:12     | Noticed a three-headed hydra
 14638 | D:12     | Killed a three-headed hydra
 14840 | D:12     | Identified the ring of Rationality {Str+9 Int+3 Dex+6}
 14919 | D:12     | Noticed a boulder beetle
 14925 | D:12     | Killed a boulder beetle
 14926 | D:12     | Reached skill level 5 in Air Magic
 15405 | D:13     | Noticed a boulder beetle
 15417 | D:13     | Killed a boulder beetle
 15418 | D:13     | Reached skill level 15 in Spellcasting
 15742 | D:13     | Found a corrupted altar of Lugonu.
 15751 | D:13     | Got Lugonu's Compilation of the Salvo
 15780 | D:13     | Noticed a centaur warrior
 15784 | D:13     | Killed a centaur warrior
 15785 | D:13     | Reached skill level 5 in Stealth
 16079 | D:13     | Offered knowledge of Stone Arrow by Vehumet.
 16142 | D:13     | Learned a level 3 spell: Stone Arrow
 16227 | D:13     | Found a portal to a secret trove of treasure.
 16372 | D:14     | Noticed a tengu warrior
 16377 | D:14     | Hit by a large rock thrown by a cyclops

Illustrated notes

Levels and vault maps discovered:
D:1:      lightli_arrival_maybe_door_vault, layout_loops_corners, serial_forest,
          infiniplex_forest_straight_2, infiniplex_forest_lined_corner,
          infiniplex_forest_clump_small, infiniplex_forest_corner_1,
          infiniplex_forest_clump_small, infiniplex_forest_straight_2,
          infiniplex_forest_lined_4_way, infiniplex_forest_lined_room_,
          basic_ecumenical_altar, serial_shops, nicolae_shop_window_shopping
D:2:      layout_basic, serial_forest, infiniplex_forest_end_3,
          infiniplex_forest_lined_2, infiniplex_forest_end_2,
          infiniplex_forest_end_2, infiniplex_forest_clump_medium
D:3:      layout_basic
D:4:      layout_rooms, mainiacjoe_overflow_tiny_flanked,
          hangedman_decor_growths
D:5:      layout_basic, mainiacjoe_overflow_brackets, minmay_temple_entry_trees,
          uniq_blork_the_orc
D:6:      layout_loops_corners, zin_purify, mainiacjoe_overflow_alcove_2,
          grunt_gozag_statues
D:7:      layout_basic, mainiacjoe_overflow_concentric_impassable, serial_shops,
          shop_fountains, uniq_pikel
D:8:      layout_layer_cave, jmf_multi_god_temple2, serial_shops, shop,
          kennysheep_cross_bottleneck, minivault_14, uniq_psyche
D:9:      layout_rooms, mainiacjoe_overflow_boulevard, lair_entry_dummy
D:10:     layout_basic, kennysheep_mini_moat, lemuel_tele_altar
D:11:     layout_cave_pools, uniq_erica, uniq_erolcha
D:12:     layout_loops_corners, orc_david_3, hangedman_ranch
D:13:     layout_loops_ring, enter_trove_0, tgw_lugonu_bribe
D:14:     kennysheep_snake, layout_cross, grunt_vaults_entry_tiered,
          serial_rivers, chequers_serial_rivers_micro_a,
          chequers_serial_rivers_micro_c, chequers_serial_rivers_micro_b,
          chequers_serial_rivers_micro_b, chequers_serial_rivers_small_b,
          chequers_serial_rivers_marsh, chequers_mini_garden
Temple:   grunt_temple_mini_profane

Skill      XL: |  1  2  3  4  5  6  7  8  9 10 11 12 |
---------------+-------------------------------------+-----
Conjurations   | 5 6 7 9 10 12 13 | 13.8
Dodging        | 3 4 5 6 7 |  7.1
Spellcasting   | 4 5 6 8 9 11 13 14 15 | 15.2
Stealth        | 3 4 5 |  5.0
Fighting       | 1 2 |  2.4
Staves         | 1 2 |  2.5
Air Magic      | 2 3 4 5 |  5.6
Evocations     | 4 6 |  6.5
Translocations | 1 2 3 |  3.4
Hexes          | 1 2 3 |  3.0
Unarmed Combat | |  0.2

Action                   |  1- 3 |  4- 6 |  7- 9 | 10-12 || total
-------------------------+-------+-------+-------+-------++-------
Melee: Unarmed           |   161 |     7 |     1 |       ||   169
       Punch             |     1 |       |       |     1 ||     2
       Quarterstaff      |       |       |    11 |       ||    11
       Staff             |       |       |       |    22 ||    22
 Cast: Magic Dart        |    83 |   109 |   133 |    60 ||   385
       Searing Ray       |     2 |     6 |    27 |    16 ||    51
       Lightning Bolt    |       |       |     9 |    62 ||    71
       Fulminant Prism   |       |       |     5 |    29 ||    34
       Iskenderun's Myst |       |       |     4 |    70 ||    74
  Use: Scroll            |       |       |    20 |     2 ||    22
Armor: Robe              |     4 |    10 |    15 |    25 ||    54
       Skin              |       |       |     1 |       ||     1
Dodge: Dodged            |    10 |    31 |    60 |    41 ||   142
